 Dungeon Crawl Stone Soup version 0.30-a0-341-g682706514a (webtiles) character file.

Game seed: 1930969660915179836

25 LychAStronaut the Shield-Bearer (level 2, 29/29 HPs)
             Began as a Troll Fighter on Oct 8, 2022.
             Quit the game on level 2 of the Dungeon on Nov 1, 2022.
             The game lasted 00:12:33 (894 turns).

LychAStronaut the Shield-Bearer (Troll Fighter)      Turns: 894, Time: 00:12:34

Health: 29/29      AC:  4    Str: 23    XL:     2   Next: 86%
Magic:  1/1        EV:  8    Int:  4    God:
Gold:   48         SH:  7    Dex:  9    Spells: 1/1 levels left

rFire   . . .      SeeInvis .      - Unarmed
rCold   . . .      Faith    .    b - +0 kite shield
rNeg    . . .      Spirit   .    r - +0 robe
rPois   .          Reflect  .    (helmet restricted)
rElec   .          Harm     .    (no cloak)
rCorr   .          Rampage  .    (gloves unavailable)
Will    .....                    (boots unavailable)
Stlth   +.........               (no amulet)
HPRegen 1.04/turn                (no ring)
MPRegen 0.07/turn                (no ring)

@: very slow
A: large, unfitting armour, claws 3, regeneration 1, shaggy fur 1, tough skin 1
a: no special abilities


You were on level 2 of the Dungeon.
You visited 1 branch of the dungeon, and saw 2 of its levels.

You collected 48 gold pieces.

Inventory:

Hand Weapons
 f - a +0 spear
 p - a +0 vampiric dagger
Missiles
 d - 4 large rocks
 e - 16 stones (quivered)
 n - 4 poisoned darts
Armour
 b - a +0 kite shield (worn)
 r - a +0 robe (worn)
Jewellery
 l - a ring of ice
Wands
 o - a wand of iceblast (6)
Scrolls
 i - a scroll of amnesia {unknown}
 j - a scroll of enchant weapon {unknown}
 k - a scroll of butterflies {unknown}
 m - 4 scrolls of identify {unknown}
 t - a scroll of blinking {unknown}
Potions
 a - a potion of cancellation {unknown}
 c - 2 potions of might
 g - a potion of haste {unknown}
 h - 2 potions of degeneration {unknown}
 q - a potion of curing {unknown}
 s - a potion of brilliance {unknown}


   Skills:
 + Level 2.6 Fighting
 * Level 1.1 Throwing
 + Level 2.6 Dodging
 + Level 2.8 Shields
 + Level 2.2 Unarmed Combat


You had one spell level left.
You didn't know any spells.
Your spell library contained the following spells:

 Spells                   Type           Power      Damage    Failure   Level
 Inner Flame              Hex/Fire       0%         N/A       99%         3
 Ozocubu's Armour         Ice            0%         N/A       99%         3
 Flame Wave               Conj/Fire      0%         2d4       100%        4
 Sticky Flame             Conj/Fire      0%         2d3       100%        4
 Metabolic Englaciation   Hex/Ice        0%         N/A       100%        5
 Simulacrum               Ice/Necr       0%         N/A       100%        6


Dungeon Overview and Level Annotations

Branches:
Dungeon (2/15)

Altars:

Shops:
D:2 :


Innate Abilities, Weirdness & Mutations

You are too large for most types of armour.
You have claws for hands.
Your natural rate of healing is unusually fast.
You are covered in fur. (AC +1)
You have tough skin. (AC +1)


Message History

A nearby plant withers and dies.
You throw a stone. The stone barely misses the worm.
You throw a stone. The stone hits the worm.
The worm is moderately wounded.
You throw a large rock. The large rock hits the worm!!
You kill the worm!
d - 4 large rocks (gained 1)
A quokka comes into view.
Found a leather armour.
Your line of fire to the quokka is blocked by a plant.
You enter the shallow water.
Moving in this stuff is going to be slow.
You throw a stone. The stone hits the quokka.
The quokka is lightly wounded.
You throw a stone. The stone misses the quokka.
You throw a stone. The stone misses the quokka.
You throw a stone.
The stone hits the quokka but does no damage.
The quokka is lightly wounded.
You closely miss the quokka.
The quokka is lightly wounded.
The quokka closely misses you.
You scratch the quokka.
You kill the quokka!
No target in view!
s - an amethyst potion;
t - a scroll labelled SYCSEA ENWA You enter the shallow water.
Moving in this stuff is going to be slow.
Unknown command.
Unknown command.
Char dumped successfully.
Unknown command.
Unknown command.
Saving game... please wait.
Welcome back, LychAStronaut the Troll Fighter.
Press ? for a list of commands and other information.
Saving game... please wait.
Welcome back, LychAStronaut the Troll Fighter.
Press ? for a list of commands and other information.
Are you sure you want to abandon this character and quit the game? (Confirm with "yes".)

#♣♣♣~~~.~≈≈≈~♣♣
#####.@♣♣~~.~≈P≈≈~~♣
########.....♣♣♣~~.≈≈≈≈≈~~♣
.........###♣♣♣♣~~.~≈~~~~PP
...P~~♣~.##♣♣♣♣~~~.~~~~PP~~
#~~~~~~♣P♣~~P~~~~.P~P~~~P#
.♣~P~~~~~~~≈≈~~~~~.~~~~~♣
~~~~~~†~P~~~≈~~~~~.~~~~~#
......†.............~~♣##
~~~~~~P~~~PP~~P~~~..~♣###.#


There were no monsters in sight!

Vanquished Creatures
  A worm (D:2)
  2 bats (D:2)
  2 endoplasms (D:1)
  3 goblins
  A hobgoblin (D:2)
  A quokka (D:2)
  4 ball pythons (D:1)
  2 frilled lizards (D:1)
  2 kobolds
  5 rats
23 creatures vanquished.

Vanquished Creatures (others)
  5 plants (D:2)
5 creatures vanquished.

Grand Total: 28 creatures vanquished

Notes
Turn   | Place    | Note
-------+----------+-------------------------------------------
     0 | D:1      | LychAStronaut the Troll Fighter began the quest for the
                  | Orb.
     0 | D:1      | Reached XP level 1. HP: 22/22 MP: 0/0
   409 | D:1      | Reached XP level 2. HP: 29/29 MP: 1/1
   720 | D:2      | Reached skill level 1 in Throwing
   730 | D:2      | Found Cupy's Book Emporium.
   894 | D:2      | Upgraded the game from 0.30-a0-222-ge547ba4400 to
                  | 0.30-a0-311-gf115ab0292
   894 | D:2      | Upgraded the game from 0.30-a0-311-gf115ab0292 to
                  | 0.30-a0-341-g682706514a
   894 | D:2      | Quit the game

Illustrated notes

Levels and vault maps discovered:
D:1:      dpeg_arrival_three_same_balls, layout_loops_ring
D:2:      layout_loops_ring, serial_shops,
          nicolae_shop_temple_entry_statues_fountains,
          chequers_ecumenical_altar_twisty, serial_bayou_lagoon_b

Skill      XL: |  1  2 |
---------------+-------+-----
Throwing       | 1 |  1.1
Fighting       | |  2.6
Dodging        | |  2.6
Shields        | |  2.8
Unarmed Combat | |  2.2

Action                   || total
-------------------------++-------
Melee: Unarmed           ||    26
Throw: Stone             ||    30
       Large rock        ||     2
Armor: Robe              ||     6
Dodge: Dodged            ||     7
Block: Kite shield       ||     4

Table legend: (Time is in decaauts)
 A = Elapsed time spent in this place.
 B = Non-inter-level travel time spent in this place.
 C = Inter-level travel time spent in this place.
 D = Time resting spent in this place.
 E = Time spent auto-exploring this place.
 F = Levels seen in this place.
 G = Mean time per level.
                   A        B        C        D        E       F      G
               +--------+--------+--------+--------+--------+-----+--------+
         Total |    908 |    908 |      0 |      0 |    613 |   2 |  454.0 |
       Dungeon |    908 |    908 |      0 |      0 |    613 |   2 |  454.0 |
               +--------+--------+--------+--------+--------+-----+--------+

Top non-repeatable levels by time:
     D:1: 720 daAuts
     D:2: 187 daAuts
